 Dungeon Crawl Stone Soup version 0.22-a0-515-g75794bf (webtiles) character file.

775 pk666 the Conjurer (level 7, 0/36 HPs)
             Began as a Deep Elf Fire Elementalist on June 20, 2018.
             Killed by divine providence
             ... invoked by an orc priest
              (9 damage)
             ... on level 5 of the Dungeon.
             The game lasted 00:10:46 (5054 turns).

pk666 the Conjurer (Deep Elf Fire Elementalist)     Turns: 5054, Time: 00:10:46

Health: 0/36       AC:  3    Str:  5    XL:     7   Next: 54%
Magic:  1/18       EV: 13    Int: 22    God:
Gold:   225        SH:  0    Dex: 15    Spells: 5/18 levels left

rFire    . . .     SeeInvis .   (no weapon)
rCold    . . .     Gourm    .   (no shield)
rNeg     . . .     Faith    .   a - +0 robe
rPois    +         Spirit   .   (no helmet)
rElec    .         Reflect  .   (no cloak)
rCorr    .         Harm     .   (no gloves)
MR       .....                  k - +0 pair of boots
Stlth    ++........             (no amulet)
HPRegen  0.12/turn              b - ring of poison resistance
MPRegen  0.16/turn              n - ring of wizardry

@: no status effects
A: no striking features
a: no special abilities


You were on level 5 of the Dungeon.
You were not hungry.

You visited 1 branch of the dungeon, and saw 5 of its levels.
You also visited: Sewer.

You collected 225 gold pieces.

Inventory:

Armour
 a - a +0 robe (worn)
 k - a +0 pair of boots (worn)
Jewellery
 b - a ring of poison resistance (left hand)
 n - a ring of wizardry (right hand)
Wands
 d - a wand of flame (56)
Scrolls
 e - 3 scrolls of identify
 i - a scroll of fear
 m - a scroll of remove curse
 o - a scroll of blinking {unknown}
Potions
 f - a potion of cancellation
 g - a potion of curing {unknown}
 h - a potion of flight {unknown}
 j - a potion of haste {unknown}
 l - 2 potions of might {unknown}
Comestibles
 c - 5 rations


   Skills:
 - Level 2.4 Dodging
 - Level 2.4 Stealth
 + Level 6.2 Spellcasting
 * Level 6.6 Conjurations
 + Level 5.6 Fire Magic


You had 5 spell levels left.
You knew the following spells:

 Your Spells              Type           Power        Failure   Level  Hunger
a - Flame Tongue          Conj/Fire      ####.        1%          1    None
b - Sticky Flame          Conj/Fire      ####....     2%          4    ###....
c - Conjure Flame         Conj/Fire      ####....     1%          3    #......
z - Fireball              Conj/Fire      ####......   9%          5    #####..

Your spell library contained the following spells:

 Spells                   Type           Power        Failure   Level  Hunger
 Throw Flame              Conj/Fire      ####..       1%          2    None
 Inner Flame              Hex/Fire       ###.....     3%          3    #......


Dungeon Overview and Level Annotations

Branches:
Dungeon (5/15)
 Temple: D:4-7

Altars:
Cheibriados
Gozag
Qazlal
Xom
Beogh


Message History

The orc priest invokes the aid of Beogh against you.
Beogh smites you!
All of the chunks of flesh in your inventory have rotted away.
Found 16 sling bullets.
Casting: Flame Tongue (safe; 1% risk of failure)
Confirm with . or Enter, or press ? or * to list all spells.
Aiming: Flame Tongue (safe; 1% risk of failure)
Press: ? - help, Shift-Dir - straight line, f/p - orc priest
Aim: an orc priest, wielding a dagger and wearing a leather armour (moderately wounded)
The flame tongue hits the orc priest.
The orc priest is almost dead.
An orc comes into view. It is wielding a trident.
The orc priest mumbles some strange prayers to Beogh against you.
Beogh smites you!
* * * LOW HITPOINT WARNING * * *
The orc moves out of view.
The orc priest looks satisfied for a moment.
The orc priest invokes the aid of Beogh against you.
Beogh smites you!
You die...

#.###.#.###...# #.##.###.#...##
#.....#).)..... ####.#)###...##
##.#.####.## #...........
#....###..###
#.##########....###..#
.......@.....o....(...
(.#####.#####...###...
........# #........# ..####..#
##.####### ##.....> #.o# #.#
##......## #..# #.#
#......(.#####..# #.#
.......)........######.########
.........#####.................


You could see an orc priest and an orc.

Vanquished Creatures
  A sky beast (D:5)
  An ogre (D:4)
  A bullfrog (Sewer)
  An orc priest (D:4)
  A jelly (D:5)
  4 orc wizards
  A bullfrog skeleton (D:4)
  2 iguanas (D:5)
  3 worker ants
  A hound skeleton (D:4)
  6 adders
  3 oozes
  3 worms
  A dart slug (D:4)
  6 leopard geckos
  18 orcs
  9 giant cockroaches
  5 goblins
  7 hobgoblins
  9 jackals
  7 kobolds
  A quokka (D:5)
  3 ball pythons (Sewer)
  4 bats
  9 frilled lizards
  A quokka skeleton (D:2)
  7 rats
115 creatures vanquished.

Notes
Turn   | Place    | Note
-------+----------+-------------------------------------------
     0 | D:1      | pk666 the Deep Elf Fire Elementalist began the quest for the Orb.
     0 | D:1      | Reached XP level 1. HP: 10/10 MP: 6/6
   120 | D:1      | Reached XP level 2. HP: 15/15 MP: 6/8
   750 | D:2      | Reached XP level 3. HP: 19/19 MP: 2/10
  1569 | D:2      | Reached XP level 4. HP: 22/24 MP: 4/12
  1597 | D:2      | Learned a level 4 spell: Sticky Flame
  1601 | D:2      | Learned a level 3 spell: Conjure Flame
  2608 | D:4      | Found a snail-covered altar of Cheibriados.
  2624 | D:4      | Found an opulent altar of Gozag.
  2625 | D:4      | Found a stormy altar of Qazlal.
  2632 | D:4      | Reached XP level 5. HP: 28/28 MP: 8/13
  2720 | D:4      | Found a roughly hewn altar of Beogh.
  2737 | D:4      | HP: 1/28 [orc priest/dagger (7)]
  3121 | D:4      | Found a glowing drain.
  3146 | Sewer    | Entered a sewer
  3427 | Sewer    | Reached XP level 6. HP: 32/32 MP: 13/15
  3436 | Sewer    | Reached skill level 5 in Spellcasting
  3687 | Sewer    | Reached skill level 5 in Conjurations
  4013 | D:4      | Got a dull robe
  4024 | D:4      | Identified the +0 robe "Busus" {*Corrode Str+7 Slay+2} (You found it on level 4 of the Dungeon)
  4306 | D:4      | Reached skill level 5 in Fire Magic
  4478 | D:4      | Reached XP level 7. HP: 36/36 MP: 13/17
  4508 | D:4      | Found a shimmering altar of Xom.
  4562 | D:4      | Learned a level 5 spell: Fireball
  4567 | D:5      | Entered Level 5 of the Dungeon
  5054 | D:5      | Killed from afar by an orc priest

Vault maps used:
D:1:      minmay_arrival_stone_box
D:2:      first_ration, grunt_ministairs_2
D:3:      st_stairs_11
D:4:      cheibriados_altar_1, kennysheep_mini_moat,
          chequers_temple_overflow_statue_of_worship, portal_sewer_entry_d,
          kennysheep_orc_chapel
D:5:      nicolae_overflow_hidden_temple, uniq_eustachio
Sewer:    sewer_frog_island_01

Skill      XL: |  1  2  3  4  5  6  7 |
---------------+----------------------+-----
Conjurations   | 2 3 4 5 6 |  6.6
Spellcasting   | 4 5 6 |  6.2
Fire Magic     | 4 5 |  5.6
Dodging        | |  2.4
Stealth        | |  2.4

Action                   |  1- 3 |  4- 6 |  7- 9 || total
-------------------------+-------+-------+-------++-------
 Cast: Flame Tongue      |    66 |   114 |    43 ||   223
       Sticky Flame      |       |     5 |     5 ||    10
       Conjure Flame     |       |     5 |     3 ||     8
  Use: Scroll            |     5 |     1 |       ||     6
  Eat: Chunk             |     2 |     6 |     3 ||    11
       Ration            |       |     1 |       ||     1
Armor: Robe              |     1 |     7 |       ||     8
Dodge: Dodged            |    18 |    29 |     7 ||    54

Table legend:
 A = Spawn XP
 B = Non-spawn XP
 C = Spawn XP percentage of total XP
 D = Spawn monster count
 E = Non-spawn monster count
 F = Spawn count percentage of total count
 G = Total turns spent on level
                    A         B        C        D         E        F      G
               +---------+---------+-------+---------+---------+-------+---------
         Total |       0 |    1108 |   0.0 |       0 |     115 |   0.0 |  5054
               +---------+---------+-------+---------+---------+-------+---------
           D:1 |       0 |      39 |   0.0 |       0 |      19 |   0.0 |   730
           D:2 |       0 |      67 |   0.0 |       0 |      17 |   0.0 |  1019
           D:3 |       0 |      75 |   0.0 |       0 |      19 |   0.0 |   776
           D:4 |       0 |     417 |   0.0 |       0 |      19 |   0.0 |  1271
           D:5 |       0 |     363 |   0.0 |       0 |      23 |   0.0 |   487
         Sewer |       0 |     147 |   0.0 |       0 |      18 |   0.0 |   771
               +---------+---------+-------+---------+---------+-------+---------
